 Dungeon Crawl Stone Soup version 0.30-a0-824-g6c64550be9 (webtiles) character file.

Game seed: 2997909716287881158

29 cforsyth the Sneak (level 3, -2/22 HPs)
             Began as a Kobold Brigand on Feb 28, 2023.
             Slain by a gnoll
             ... wielding a +0 halberd
              (9 damage)
             ... on level 2 of the Dungeon.
             The game lasted 00:01:07 (1206 turns).

cforsyth the Sneak (Kobold Brigand)                 Turns: 1206, Time: 00:01:07

Health: -2/22      AC:  3    Str:  8    XL:     3   Next: 32%
Magic:  3/3        EV: 15    Int: 12    God:
Gold:   94         SH:  0    Dex: 18    Spells: 2/2 levels left

rFire   . . .      SeeInvis .    a - +2 dagger
rCold   . . .      Faith    .    (no shield)
rNeg    . . .      Spirit   .    b - +0 robe
rPois   .          Reflect  .    (no helmet)
rElec   .          Harm     .    c - +0 cloak
rCorr   .          Rampage  .    (no gloves)
Will    .....                    (no boots)
Stlth   ++++                     (no amulet)
HPRegen 0.23/turn                (no ring)
MPRegen 0.08/turn                (no ring)

@: no status effects
A: small, no large weapons, nightstalker 3
a: no special abilities


You were on level 2 of the Dungeon.
You visited 1 branch of the dungeon, and saw 2 of its levels.

You collected 94 gold pieces.

Inventory:

Hand Weapons
 a - a +2 dagger (weapon)
Missiles
 d - 9 poisoned darts (quivered)
 e - 3 curare-tipped darts
Armour
 b - a +0 robe (worn)
 c - a +0 cloak (worn)
Jewellery
 h - a ring of wizardry
 l - a ring of protection from fire
Scrolls
 f - a scroll of enchant weapon {unknown}
 g - 2 scrolls of identify {unknown}
 i - 2 scrolls of amnesia {unknown}
 k - a scroll of teleportation {unknown}
Potions
 j - a potion of heal wounds {unknown}


   Skills:
 + Level 2.7 Fighting
 + Level 3.2 Short Blades
 - Level 2.1 Throwing
 + Level 2.1 Dodging
 + Level 5.7 Stealth


You had 2 spell levels left.
You didn't know any spells.
Your spell library contained the following spells:

 Spells                   Type           Power      Damage    Failure   Level
 Ensorcelled Hibernation  Hex/Ice        0%         N/A       45%         2
 Passwall                 Tmut/Erth      0%         N/A       45%         2
 Swiftness                Air            0%         N/A       69%         3


Dungeon Overview and Level Annotations

Branches:
Dungeon (2/15)

Altars:


Innate Abilities, Weirdness & Mutations

You are small and have problems with some larger weapons.
You are completely attuned to the shadows.


Message History

No target in view!
No target in view!
No target in view!
You see here a bat corpse.
A frilled lizard comes into view.
A frilled lizard is nearby!
The helpless frilled lizard fails to defend itself.
You perforate the frilled lizard like a sieve!!!
You kill the frilled lizard!
No target in view!
No target in view!
No target in view!
No target in view!
A gnoll comes into view. It is wielding a +0 spear.
A gnoll is nearby!
A gnoll is nearby!
A gnoll is nearby!
A gnoll comes into view. It is wielding a +0 halberd.
The gnoll shouts! x2; You hear a shout!
A gnoll comes into view. It is wielding a +0 club.
The gnoll hits you from afar with a +0 spear.
A gnoll comes into view. It is wielding a +0 spear.
The gnoll moves out of view.
A hobgoblin comes into view.
The gnoll barely misses you. The gnoll hits you with a +0 spear.
You are too injured to fight recklessly!
You are too injured to fight recklessly!
You are too injured to fight recklessly!
You are too injured to fight recklessly!
You are too injured to fight recklessly!
You are too injured to fight recklessly!
You are too injured to fight recklessly!
You are too injured to fight recklessly!
The gnoll attacks as you move away! The gnoll misses you.
The gnoll hits you from afar with a +0 spear.
The gnoll hits you from afar with a +0 halberd.
* * * LOW HITPOINT WARNING * * *
There is a stone staircase leading up here.
The gnoll hits you from afar with a +0 halberd!
You die...

..........#.....
##...###.##..... #...#
#........ ##...###..#.....
......##..#.....
##....#...#.....
#....#...#.....
#....#..####..##### ##
#....#........@.... ..# #
#....#.#####...##### #.#.#
#....#.#####.#.g...#######.#.#
#....#......)................#
####.#######.###.#.#######.#g#.
#.# #####.# #.#.#... #.gg..
##.###...#.# #.....# ###...
#...[#.#.#.# ###†..# ...
#......#.#.### #.#.# ...


You could see a gnoll.

Vanquished Creatures
  A dart slug (D:1)
  A ball python (D:1)
  An endoplasm (D:1)
  3 giant cockroaches (D:1)
  4 hobgoblins (D:1)
  4 bats
  3 frilled lizards
  3 goblins
  3 kobolds (D:1)
  3 rats (D:1)
26 creatures vanquished.

Notes
Turn   | Place    | Note
-------+----------+-------------------------------------------
     0 | D:1      | cforsyth the Kobold Brigand began the quest for the Orb.
     0 | D:1      | Reached XP level 1. HP: 12/12 MP: 1/1
   132 | D:1      | Reached XP level 2. HP: 9/18 MP: 2/2
   690 | D:1      | Reached XP level 3. HP: 22/22 MP: 3/3
  1206 | D:2      | Slain by a gnoll

Illustrated notes

Levels and vault maps discovered:
D:1:      ncdulo_halloftheorcs, layout_basic
D:2:      layout_basic

Skill      XL: |  1  2 |
---------------+-------+-----
Short Blades   | 3 |  3.2
Dodging        | 2 |  2.1
Fighting       | |  2.7
Throwing       | |  2.1
Stealth        | |  5.7

Action                     || total
---------------------------++-------
  Melee: Dagger            ||    51
   Stab: Sleeping          ||    17
 Armour: Robe              ||     5
  Dodge: Dodged            ||    29

Table legend: (Time is in decaauts)
 A = Elapsed time spent in this place.
 B = Non-inter-level travel time spent in this place.
 C = Inter-level travel time spent in this place.
 D = Time resting spent in this place.
 E = Time spent auto-exploring this place.
 F = Levels seen in this place.
 G = Mean time per level.
                   A        B        C        D        E       F      G
               +--------+--------+--------+--------+--------+-----+--------+
         Total |   1197 |   1175 |     22 |      0 |   1011 |   2 |  598.5 |
       Dungeon |   1197 |   1175 |     22 |      0 |   1011 |   2 |  598.5 |
               +--------+--------+--------+--------+--------+-----+--------+

Top non-repeatable levels by time:
     D:1: 1080 daAuts
     D:2: 117 daAuts
